[gd_scene load_steps=39 format=2]

[ext_resource path="res://scripts/CameraRotation.gd" type="Script" id=1]
[ext_resource path="res://scripts/Game.gd" type="Script" id=2]
[ext_resource path="res://scenes/Level.tscn" type="PackedScene" id=3]
[ext_resource path="res://objects/Truck.tscn" type="PackedScene" id=4]
[ext_resource path="res://scenes/ViewLeftMirror.tscn" type="PackedScene" id=5]
[ext_resource path="res://scenes/ViewRightMirror.tscn" type="PackedScene" id=6]
[ext_resource path="res://objects/Car.tscn" type="PackedScene" id=7]
[ext_resource path="res://scenes/Trunk.tscn" type="PackedScene" id=8]
[ext_resource path="res://scripts/Truck.gd" type="Script" id=9]
[ext_resource path="res://scripts/Car.gd" type="Script" id=10]
[ext_resource path="res://assets/fonts/button.tres" type="DynamicFont" id=11]
[ext_resource path="res://assets/audio/truck_driving.wav" type="AudioStream" id=12]
[ext_resource path="res://assets/particles/round.svg" type="Texture" id=13]
[ext_resource path="res://assets/audio/music/music.wav" type="AudioStream" id=14]
[ext_resource path="res://assets/audio/impact_box.ogg" type="AudioStream" id=15]
[ext_resource path="res://scenes/MapView.tscn" type="PackedScene" id=16]
[ext_resource path="res://assets/ui/Car_Icon.png" type="Texture" id=17]
[ext_resource path="res://assets/audio/impact_car.wav" type="AudioStream" id=18]

[sub_resource type="ProceduralSky" id=1]
sky_top_color = Color( 0.356863, 0.772549, 1, 1 )
ground_bottom_color = Color( 0.517647, 0.92549, 0.207843, 1 )
ground_horizon_color = Color( 0.270588, 1, 0.164706, 1 )

[sub_resource type="Environment" id=2]
background_mode = 2
background_sky = SubResource( 1 )
background_color = Color( 0.14902, 0.14902, 0.14902, 1 )
ambient_light_sky_contribution = 0.5
fog_color = Color( 0.501961, 0.6, 0.701961, 1 )
fog_sun_color = Color( 1, 0.901961, 0.701961, 1 )
fog_depth_end = 20.0
tonemap_mode = 3
tonemap_white = 3.0
ss_reflections_max_steps = 3
ssao_enabled = true
ssao_radius = 0.2
ssao_intensity = 0.5
ssao_edge_sharpness = 32.0
dof_blur_far_enabled = true
dof_blur_far_distance = 20.0
dof_blur_far_transition = 70.0
dof_blur_far_amount = 0.12

[sub_resource type="BoxShape" id=3]
extents = Vector3( 1.15126, 0.792608, 0.557403 )

[sub_resource type="QuadMesh" id=4]
size = Vector2( 0.32, 0.45 )

[sub_resource type="ViewportTexture" id=5]
flags = 4
viewport_path = NodePath("LeftMirrorViewport")

[sub_resource type="SpatialMaterial" id=6]
resource_local_to_scene = true
albedo_texture = SubResource( 5 )

[sub_resource type="ViewportTexture" id=7]
flags = 4
viewport_path = NodePath("RightMirrorViewport")

[sub_resource type="SpatialMaterial" id=8]
resource_local_to_scene = true
albedo_texture = SubResource( 7 )

[sub_resource type="QuadMesh" id=9]
size = Vector2( 0.19, 0.14 )

[sub_resource type="ViewportTexture" id=10]
flags = 4
viewport_path = NodePath("TrunkViewport")

[sub_resource type="SpatialMaterial" id=11]
resource_local_to_scene = true
albedo_texture = SubResource( 10 )

[sub_resource type="QuadMesh" id=12]
size = Vector2( 0.15, 0.11 )

[sub_resource type="ViewportTexture" id=13]
flags = 4
viewport_path = NodePath("MapViewport")

[sub_resource type="SpatialMaterial" id=14]
resource_local_to_scene = true
albedo_texture = SubResource( 13 )

[sub_resource type="SphereShape" id=15]
radius = 0.202021

[sub_resource type="Curve" id=16]
_data = [ Vector2( 0, 0 ), 0.0, 0.0, 0, 0, Vector2( 0.255906, 1 ), 0.0, 0.0, 0, 0, Vector2( 0.755906, 1 ), 0.0, 0.0, 0, 0, Vector2( 1, 0 ), 0.0, 0.0, 0, 0 ]

[sub_resource type="CurveTexture" id=17]
curve = SubResource( 16 )

[sub_resource type="ParticlesMaterial" id=18]
emission_shape = 1
emission_sphere_radius = 1.0
spread = 180.0
gravity = Vector3( 0, 0, 0 )
initial_velocity = 0.5
initial_velocity_random = 0.5
scale_curve = SubResource( 17 )
color = Color( 1, 0.956863, 0.686275, 1 )
hue_variation = 1.0
hue_variation_random = 1.0

[sub_resource type="SpatialMaterial" id=19]
flags_transparent = true
params_blend_mode = 1
params_billboard_mode = 3
particles_anim_h_frames = 1
particles_anim_v_frames = 1
particles_anim_loop = false
albedo_color = Color( 1, 0.901961, 0.447059, 0.505882 )
albedo_texture = ExtResource( 13 )

[sub_resource type="QuadMesh" id=20]
material = SubResource( 19 )
size = Vector2( 0.3, 0.3 )

[node name="Game" type="Spatial"]
script = ExtResource( 2 )

[node name="LeftMirrorViewport" type="Viewport" parent="."]
size = Vector2( 300, 400 )
own_world = true
keep_3d_linear = true
render_target_v_flip = true
shadow_atlas_size = 1

[node name="ViewLeftMirror" parent="LeftMirrorViewport" instance=ExtResource( 5 )]

[node name="RightMirrorViewport" type="Viewport" parent="."]
size = Vector2( 300, 400 )
own_world = true
keep_3d_linear = true
render_target_v_flip = true
shadow_atlas_size = 1

[node name="ViewRightMirror" parent="RightMirrorViewport" instance=ExtResource( 6 )]

[node name="TrunkViewport" type="Viewport" parent="."]
size = Vector2( 150, 150 )
own_world = true
keep_3d_linear = true
render_target_v_flip = true

[node name="Trunk" parent="TrunkViewport" instance=ExtResource( 8 )]

[node name="MapViewport" type="Viewport" parent="."]
size = Vector2( 1350, 1080 )
own_world = true
keep_3d_linear = true
usage = 0
render_target_v_flip = true

[node name="MapView" parent="MapViewport" instance=ExtResource( 16 )]

[node name="BackgroundMusic" type="AudioStreamPlayer" parent="."]
stream = ExtResource( 14 )
volume_db = -5.0
autoplay = true

[node name="WorldEnvironment" type="WorldEnvironment" parent="."]
environment = SubResource( 2 )

[node name="DirectionalLight" type="DirectionalLight" parent="."]
transform = Transform( 0.49063, -0.35779, 0.794524, 0, 0.911812, 0.410607, -0.871368, -0.201456, 0.447362, 0, 2.33946, 0 )
light_color = Color( 1, 0.870588, 0.435294, 1 )
light_energy = 1.65
light_specular = 1.0
shadow_enabled = true
shadow_color = Color( 0, 0.305882, 0.313726, 1 )

[node name="Level" parent="." instance=ExtResource( 3 )]

[node name="Car" parent="." instance=ExtResource( 7 )]
transform = Transform( 1, 0, 0, 0, 1, 0, 0, 0, 1, -7.5967, 0.924488, 1.7443 )
visible = false
script = ExtResource( 10 )

[node name="Area" type="Area" parent="Car"]
monitorable = false
collision_layer = 0

[node name="CollisionShape" type="CollisionShape" parent="Car/Area"]
shape = SubResource( 3 )

[node name="ImpactBox" type="AudioStreamPlayer" parent="Car"]
stream = ExtResource( 15 )
volume_db = 5.0

[node name="ImpactCar" type="AudioStreamPlayer" parent="Car"]
stream = ExtResource( 18 )

[node name="Truck" parent="." instance=ExtResource( 4 )]
transform = Transform( 1, 0, 0, 0, 1, 0, 0, 0, 1, 7.63586, 0.698169, 1.52579 )
script = ExtResource( 9 )

[node name="CameraRotation" type="Spatial" parent="Truck"]
transform = Transform( 0.5, 0, -0.866025, 0, 1, 0, 0.866025, 0, 0.5, 1.867, 1.24191, 0 )
script = ExtResource( 1 )

[node name="RotationHelper" type="Spatial" parent="Truck/CameraRotation"]

[node name="Camera" type="Camera" parent="Truck/CameraRotation/RotationHelper"]
current = true
far = 75.0

[node name="LeftMirrorView" type="MeshInstance" parent="Truck"]
transform = Transform( -0.258819, 0, -0.965926, 0, 1, 0, -0.965926, 0, 0.258819, 2.65317, 1.23533, -1.25751 )
cast_shadow = 0
mesh = SubResource( 4 )
material/0 = SubResource( 6 )

[node name="RightMirrorView" type="MeshInstance" parent="Truck"]
transform = Transform( 0.258819, 1.72249e-08, -0.965926, -1.50996e-07, 1, -2.26267e-08, -0.965926, -1.51707e-07, -0.258819, 2.65419, 1.235, 1.25622 )
cast_shadow = 0
mesh = SubResource( 4 )
material/0 = SubResource( 8 )

[node name="TrunkView" type="MeshInstance" parent="Truck"]
transform = Transform( -8.26596e-08, 0.257942, -0.96616, -1.45886e-07, 0.96616, 0.257942, -1, -1.62271e-07, 4.22322e-08, 2.55968, 1.11727, 0.000247002 )
cast_shadow = 0
mesh = SubResource( 9 )
material/0 = SubResource( 11 )

[node name="MapView" type="MeshInstance" parent="Truck"]
transform = Transform( 1.10937e-07, 0.445213, -0.895425, 1.35205e-07, 0.895425, 0.445213, 1, -1.70457e-07, 3.91403e-08, 2.51622, 0.973346, 0.000247002 )
cast_shadow = 0
mesh = SubResource( 12 )
material/0 = SubResource( 14 )

[node name="StuffDropPosition" type="Position3D" parent="Truck"]
transform = Transform( 1, 0, 0, 0, 1, 0, 0, 0, 1, -2.972, -0.282, 0 )

[node name="Area" type="Area" parent="Truck"]
transform = Transform( 1, 0, 0, 0, 1, 0, 0, 0, 1, 13.7939, 0, 0 )
input_ray_pickable = false
monitorable = false
collision_layer = 0

[node name="CollisionShape" type="CollisionShape" parent="Truck/Area"]
shape = SubResource( 15 )

[node name="Tween" type="Tween" parent="Truck"]

[node name="AudioStreamPlayer" type="AudioStreamPlayer" parent="Truck"]
stream = ExtResource( 12 )
autoplay = true

[node name="Particles" type="Particles" parent="Truck"]
transform = Transform( 1, 0, 0, 0, 1, 0, 0, 0, 1, 2.76378, 0.943289, 0 )
lifetime = 2.0
process_material = SubResource( 18 )
draw_pass_1 = SubResource( 20 )

[node name="Positions" type="Spatial" parent="."]

[node name="CarSpawnLeftLane" type="Position3D" parent="Positions"]
transform = Transform( 1, 0, 0, 0, 1, 0, 0, 0, 1, 75, 0, -1.522 )

[node name="CarSpawnRightLane" type="Position3D" parent="Positions"]
transform = Transform( 1, 0, 0, 0, 1, 0, 0, 0, 1, 75, 0, 1.522 )

[node name="UI" type="CanvasLayer" parent="."]

[node name="Control" type="Control" parent="UI"]
anchor_right = 1.0
anchor_bottom = 1.0
__meta__ = {
"_edit_use_anchors_": false
}

[node name="DamagePoints" type="Label" parent="UI/Control"]
margin_left = 224.596
margin_top = 25.4388
margin_right = 549.596
margin_bottom = 100.439
custom_fonts/font = ExtResource( 11 )
text = "Damage: 0/3"
__meta__ = {
"_edit_use_anchors_": false
}

[node name="Car_Icon" type="Sprite" parent="UI/Control/DamagePoints"]
position = Vector2( -108.589, 40.7697 )
scale = Vector2( 0.557132, 0.557132 )
texture = ExtResource( 17 )
[connection signal="stuff_dropped" from="TrunkViewport/Trunk" to="." method="_on_Trunk_stuff_dropped"]
[connection signal="area_entered" from="Car/Area" to="." method="_on_Area_area_entered"]
[connection signal="area_entered" from="Truck/Area" to="Truck" method="_on_Area_area_entered"]
